AoeStats
← OakenStone47820

Golden Pit

507930433Analyzed
1v1 RM · 14d ago on Sep 20, 2026· 26m 17s· 2 players
Game mode
Random Map
Map size
Tiny (2 player)
Population
200
Speed
Normal
Resources
Standard
Victory
Conquest
Starting age
Dark Age
Ending age
Imperial Age
RankedLock teamsTeams togetherTeam positionsShared explorationLock speedFull tech treeHidden civsTurbo modeCheats
Victory
Defeat
🇮🇳 Celts · India
928
+15
🇬🇧 Magyars · United Kingdom
898
-15
OakenStone47820
4:34 Loom
11:46 Feudal Age
12:28 Double-Bit Axe
12:26 Horse Collar
13:44 Man-at-Arms
24:24 Castle Age
22:48 Scale Mail Armor
23:17 Gold Mining
23:18 Stone Mining
23:52 Stone Mining
24:53 Crossbowman
25:39 Thumb Ring
26:44 Husbandry
Shaman Twain
11:27 Feudal Age
9:43 Loom
12:08 Man-at-Arms
13:54 Arson
14:05 Double-Bit Axe
15:17 Scale Mail Armor
16:09 Horse Collar
21:43 Castle Age
22:21 Long Swordsman
23:51 Chain Mail Armor
Connection lost

Rejoining the realm…

Still unreachable

The connection could not be restored.

Session expired

The server has moved on; the page needs a fresh start.